 Dungeon Crawl Stone Soup version 0.30-a0-359-gd0147acb1a (webtiles) character file.

Game seed: 16849723481351395480

39 Decritt the Magician (level 3, 0/28 HPs)
             Began as a Djinni Air Elementalist on Nov 12, 2022.
             Slain by Terence
             ... wielding a +0 short sword
              (4 damage)
             ... on level 2 of the Dungeon.
             The game lasted 00:02:51 (1563 turns).

Decritt the Magician (Djinni Air Elementalist)      Turns: 1563, Time: 00:02:51

Health: 0/28       AC:  3    Str:  7    XL:     3   Next: 70%
Gold:   109        EV: 12    Int: 18    God:
                   SH:  0    Dex: 13

rFire   + + .      SeeInvis .    (no weapon)
rCold   x . .      Faith    .    (no shield)
rNeg    . . .      Spirit   .    a - +0 robe
rPois   ∞          Reflect  .    (no helmet)
rElec   .          Harm     .    (no cloak)
rCorr   .          Rampage  .    f - +0 pair of gloves
Will    .....                    (boots unavailable)
Stlth   ++........               (no amulet)
HPRegen 0.24/turn                (no ring)
MPRegen 0.00/turn                (no ring)

@: flying
A: sickness immunity, fire resistance 2, cold vulnerability 1, float, innate
caster, HP casting, extra vitality 1
a: no special abilities


You were on level 2 of the Dungeon.
You visited 1 branch of the dungeon, and saw 2 of its levels.

You collected 109 gold pieces.

Inventory:

Armour
 a - a +0 robe (worn)
 f - a +0 pair of gloves (worn)
Jewellery
 d - an amulet of faith
Scrolls
 b - 3 scrolls of identify {unknown}
 c - a scroll of immolation {unknown}
 h - a scroll of magic mapping {unknown}
 j - a scroll of acquirement {unknown}
 k - a scroll of enchant weapon {unknown}
Potions
 e - a potion of heal wounds {unknown}
 g - a potion of magic {unknown}
 i - 2 potions of curing {unknown}


   Skills:
 + Level 2.0 Fighting
 - Level 2.1 Dodging
 - Level 1.5 Stealth
 + Level 3.0 Spellcasting


You couldn't memorise any spells.
You knew the following spells:

 Your Spells              Type           Power      Damage    Failure   Level
a - Shock                 Conj/Air       52%        1d6       4%          1
b - Airstrike             Air            6%         2d(1-17)  43%         4
c - Beastly Appendage     Tmut           26%        N/A       4%          1
d - Static Discharge      Conj/Air       26%        2-4/arc   7%          2
e - Swiftness             Air            13%        N/A       14%         3
Your spell library was empty.

Dungeon Overview and Level Annotations

Branches:
Dungeon (2/15)

Altars:
Trog

Shops:
D:1 [

Annotations:
D:2 Terence


Innate Abilities, Weirdness & Mutations

You are immune to sickness and miasma.
You are immune to poison.
Your flesh is very heat resistant. (rF++)
You are vulnerable to cold. (rC-)
You float through the air rather than walking.
You learn spells naturally, not from books.
Your magical power is your life essence.
You have superior vitality. (+4 MHP)


Message History

Nothing appears to happen.
Terence hits you with a +0 short sword.
* * * LOW HITPOINT WARNING * * *
Okay, then.
Casting: Shock (safe; 4% risk of failure)
Confirm with . or Enter, or press ? or * to list all spells.
Aiming: Shock (safe; 4% risk of failure)
Press: ? - help, Shift-Dir - straight line, f/p - Terence
Aim: Terence, wielding a +0 short sword and wearing a +3 scale mail of cold resistance (lightly wounded, 72% to hit)
The zap hits Terence but does no damage.
Terence is lightly wounded.
* * * LOW HITPOINT WARNING * * *
Terence closely misses you.
Casting: Shock (safe; 4% risk of failure)
Confirm with . or Enter, or press ? or * to list all spells.
Aiming: Shock (safe; 4% risk of failure)
Press: ? - help, Shift-Dir - straight line, f/p - Terence
Aim: Terence, wielding a +0 short sword and wearing a +3 scale mail of cold resistance (lightly wounded, 72% to hit)
The zap hits Terence.
Terence is moderately wounded.
* * * LOW HITPOINT WARNING * * *
Terence bares his teeth.
Terence barely misses you.
Casting: Shock (safe; 4% risk of failure)
Confirm with . or Enter, or press ? or * to list all spells.
Aiming: Shock (safe; 4% risk of failure)
Press: ? - help, Shift-Dir - straight line, f/p - Terence
Aim: Terence, wielding a +0 short sword and wearing a +3 scale mail of cold resistance (moderately wounded, 72% to hit)
The zap hits Terence.
Terence is moderately wounded.
* * * LOW HITPOINT WARNING * * *
Terence hits you with a +0 short sword.
* * * LOW HITPOINT WARNING * * *
Terence attacks as you move away! Terence barely misses you.
Your magical contamination has completely faded away.
Terence attacks as you move away! Terence misses you.
Terence says, "Don't bother to defend, it's pointless."
Terence attacks as you move away! Terence hits you with a +0 short sword.
* * * LOW HITPOINT WARNING * * *
Terence attacks as you move away! Terence hits you with a +0 short sword.
You die...

#.#.#######.#.###.########.#.#
#.#...............########.#.####
#.#########.#####.#.............#
#.# #.# #.#.# ###.#.##.# #.# #.#
#.#.# #.....##.# #.###### #.#
#.#.####.###.##.# #......# #.#
#.#......# #..... ######.#
#.#####.#.####.###.##.# ######.#
#.##..@@............... ....##.#
#.##.##.........#####.. ###.##.#
#)##.####.###.......... #.##.#
#.##.# #.###.#.#####..
#.##.####.##.# #.....#.# #..
#.##.#...<...# #.#####.#####..
#............####..............
####.#.#...#.##.........######.
#..............#####.# #.


You could see Terence.

Vanquished Creatures
  An adder (D:2)
  2 bats
  4 endoplasms
  A giant cockroach (D:2)
  2 goblins (D:2)
  5 hobgoblins
  3 kobolds
  A quokka (D:1)
  2 ball pythons
  3 frilled lizards
  4 rats
28 creatures vanquished.

Notes
Turn   | Place    | Note
-------+----------+-------------------------------------------
     0 | D:1      | Decritt the Djinni Air Elementalist began the quest for the
                  | Orb.
     0 | D:1      | Decritt set off with the following spells memorised: Shock,
                  | Static Discharge, Swiftness, Airstrike.
     0 | D:1      | Reached XP level 1. HP: 15/15 MP: 0/0
   120 | D:1      | Reached skill level 1 in Fighting
   120 | D:1      | Reached XP level 2. HP: 15/22 MP: 0/0
   354 | D:1      | Found Bueggol's Armour Boutique.
   923 | D:2      | Reached XP level 3. HP: 25/28 MP: 0/0
   923 | D:2      | Learned a level 1 spell: Beastly Appendage
  1111 | D:2      | Reached skill level 3 in Spellcasting
  1412 | D:2      | Found a bloodstained altar of Trog.
  1547 | D:2      | Noticed Terence
  1563 | D:2      | Slain by Terence

Illustrated notes

Levels and vault maps discovered:
D:1:      dpeg_arrival_radiant, layout_loops_ring, serial_shops, shop_fountains
D:2:      layout_loops_ring, basic_altar, grunt_ministairs_5, uniq_terence

Skill      XL: |  1  2  3 |
---------------+----------+-----
Fighting       | 1 2 |  2.0
Spellcasting   | 3 |  3.0
Dodging        | |  2.1
Stealth        | |  1.5

Action                   || total
-------------------------++-------
Melee: Unarmed           ||     1
 Cast: Shock             ||    66
Armor: Robe              ||     4
Dodge: Dodged            ||     7

Table legend: (Time is in decaauts)
 A = Elapsed time spent in this place.
 B = Non-inter-level travel time spent in this place.
 C = Inter-level travel time spent in this place.
 D = Time resting spent in this place.
 E = Time spent auto-exploring this place.
 F = Levels seen in this place.
 G = Mean time per level.
                   A        B        C        D        E       F      G
               +--------+--------+--------+--------+--------+-----+--------+
         Total |   1562 |   1534 |     28 |      0 |   1389 |   2 |  781.0 |
       Dungeon |   1562 |   1534 |     28 |      0 |   1389 |   2 |  781.0 |
               +--------+--------+--------+--------+--------+-----+--------+

Top non-repeatable levels by time:
     D:1: 813 daAuts
     D:2: 749 daAuts
